 Dungeon Crawl Stone Soup version 0.25-a0-589-g1e14c549ee (webtiles) character file.

Game seed: 7747811751079579517, levelgen mode: deterministic

67 An17 the Sneak (level 3, -1/14 HPs)
             Began as a Felid Enchanter on Mar 11, 2020.
             Slain by a worm (9 damage)
             ... on level 2 of the Dungeon.
             The game lasted 00:03:49 (981 turns).

An17 the Sneak (Felid Enchanter)                     Turns: 981, Time: 00:03:49

Health: -1/14      AC:  1    Str:  4    XL:     3   Next: 98%
Magic:  1/7        EV: 18    Int: 16    God:
Gold:   40         SH:  0    Dex: 17    Spells: 3/6 levels left
                                        Lives:  0   Deaths: 0

rFire    . . .     SeeInvis +     - Unarmed
rCold    . . .     Gourm    .   (shield unavailable)
rNeg     . . .     Faith    .   (armour unavailable)
rPois    .         Spirit   .   (helmet unavailable)
rElec    .         Reflect  .   (cloak unavailable)
rCorr    .         Harm     .   (gloves unavailable)
MR       .....                  (boots unavailable)
Stlth    ++++......             (no amulet)
HPRegen  0.04/turn              (no ring)
MPRegen  0.10/turn              (no ring)

@: quick
A: very small, no armour, no weapons or thrown items, stealth, claws 1, fangs 3,
see invisible, carnivore, speed 1, shaggy fur 1, slow metabolism 1, sharp paws
a: no special abilities


You were on level 2 of the Dungeon.
You were not hungry.

You visited 1 branch of the dungeon, and saw 2 of its levels.

You collected 40 gold pieces.

Inventory:

Scrolls
 e - a scroll of identify
Potions
 a - a potion of magic
 c - a potion of lignification {unknown}
 d - 2 potions of curing
 f - a potion of stabbing
 g - a potion of haste {unknown}
Comestibles
 b - 4 rations


   Skills:
 + Level 0.1 Fighting
 + Level 2.9 Dodging
 + Level 5.4 Stealth
 + Level 1.7 Unarmed Combat
 + Level 2.1 Spellcasting
 + Level 5.2 Hexes
 + Level 0.2 Ice Magic


You had 3 spell levels left.
You knew the following spells:

 Your Spells              Type           Power        Failure   Level  Hunger
a - Corona                Hex            ###....      2%          1    #......
b - Ensorcelled Hibernat  Hex/Ice        ##....       10%         2    ###....

Your spell library contained the following spells:

 Spells                   Type           Power        Failure   Level  Hunger
 Confusing Touch          Hex            ###.....     8%          3    ###....
 Tukima's Dance           Hex            ###.....     8%          3    ###....
 Dazzling Flash           Conj/Hex       ##....       22%         3    ###....


Dungeon Overview and Level Annotations

Branches:
Dungeon (2/15)

Altars:


Innate Abilities, Weirdness & Mutations

You cannot wear armour.
You are incapable of wielding weapons or throwing items.
Your paws allow you to move quietly. (Stealth)
You have sharp claws.
You have razor-sharp teeth.
You have supernaturally acute eyesight. (SInv)
You are carnivorous and can eat meat at any time.
You cover ground quickly.
You are covered in fur. (AC +1)
You have a slow metabolism.
Your sharp claws are effective at attacking unaware monsters.


Message History

a +0 halberd; a gnoll corpse; a bat corpse You see here a rat corpse.
A worm comes into view.
A gnoll comes into view.
You see here a rat corpse.
You see here a rat corpse.
You see here a rat corpse.
Casting: Ensorcelled Hibernation (safe; 10% risk of failure)
Confirm with . or Enter, or press ? or * to list all spells.
Aiming: Ensorcelled Hibernation (safe; 10% risk of failure)
Press: ? - help, Shift-Dir - straight line, f - worm
Aim: a worm (chance to defeat MR: 50%)
The worm looks drowsy...
You see here a rat corpse.
You pounce on the unaware helpless worm!
You claw the worm!
The worm is severely wounded.
The worm bites you!
Ouch! That really hurt!
You die...

...#<........####
...#########.#
....# #.#
..#+#### #.#
##.....# #.#
####### #.....#
#.# ......g
#.....# #)#
....... #..†..#
#.######.......
#....†#
#...†@w........
#.....#
#.#####........
#.....# #.#
#........ #.....#
#.# #........
#.....# #.#
#........ #.....#
#.# #.###+###
#.....# #.. #.#
######.#####. #.#
.............#


You could see a worm.

Vanquished Creatures
  An adder (D:2)
  A gnoll (D:2)
  An ooze (D:2)
  2 dart slugs (D:2)
  2 leopard geckos
  2 giant cockroaches (D:1)
  4 goblins
  5 hobgoblins
  3 kobolds
  2 ball pythons
  7 bats
  2 frilled lizards
  6 rats
38 creatures vanquished.

Vanquished Creatures (others)
  5 toadstools (D:1)
5 creatures vanquished.

Grand Total: 43 creatures vanquished

Notes
Turn   | Place    | Note
-------+----------+-------------------------------------------
     0 | D:1      | An17 the Felid Enchanter began the quest for the Orb.
     0 | D:1      | Reached XP level 1. HP: 7/7 MP: 4/4
   119 | D:1      | Reached XP level 2. HP: 11/11 MP: 6/6
   134 | D:1      | Learned a level 2 spell: Ensorcelled Hibernation
   272 | D:1      | Reached skill level 5 in Hexes
   725 | D:2      | Reached XP level 3. HP: 14/14 MP: 3/7
   805 | D:2      | Reached skill level 5 in Stealth
   981 | D:2      | Slain by a worm

Levels and vault maps discovered:
D:1:      ldierk_walled_garden, layout_loops_ring, serial_glass,
          glass_columns_a, glass_columns_b, minmay_crystal_room, st_stairs_1
D:2:      layout_basic, first_ration

Skill      XL: |  1  2  3 |
---------------+----------+-----
Hexes          | 5 |  5.2
Stealth        | 5 |  5.4
Fighting       | |  0.1
Dodging        | |  2.9
Unarmed Combat | |  1.7
Spellcasting   | |  2.1
Ice Magic      | |  0.2

Action                   || total
-------------------------++-------
Melee: Unarmed           ||    74
       Bite              ||     3
 Cast: Ensorcelled Hiber ||    17
  Use: Scroll            ||     7
 Stab: Sleeping          ||    22
Armor: Skin              ||     6
Dodge: Dodged            ||    58

Table legend:
 A = Non-vault XP
 B = Vault XP
 C = Vault XP percentage of total XP
 D = Non-vault monster count
 E = Vault monster count
 F = Vault count percentage of total count
                 A         B        C        D         E       F
            +---------+---------+-------+---------+---------+-------
      Total |      93 |       3 |   3.1 |      36 |       2 |   5.3
            +---------+---------+-------+---------+---------+-------
        D:1 |      22 |       3 |  12.0 |      14 |       2 |  12.5
        D:2 |      71 |       0 |   0.0 |      22 |       0 |   0.0
            +---------+---------+-------+---------+---------+-------
